 Dungeon Crawl Stone Soup version 0.28.0-53-g5a82cb258f (webtiles) character file.

Game seed: 4241559080081516607

175 Sin92 the Magician (level 5, -1/38 HPs)
             Began as a Demonspawn Hedge Wizard on July 10, 2022.
             Slain by an adder (2 damage)
             ... on level 4 of the Dungeon on July 11, 2022.
             The game lasted 00:10:48 (4773 turns).

Sin92 the Magician (Demonspawn Hedge Wizard)        Turns: 4773, Time: 00:10:48

Health: -1/38      AC:  2    Str: 10    XL:     5   Next: 29%
Magic:  18/18      EV: 12    Int: 22    God:
Gold:   139        SH:  4    Dex: 14    Spells: 6/10 levels left

rFire   . . .      SeeInvis .   k - +2 dagger (venom)
rCold   + . .      Faith    .   (no shield)
rNeg    . . .      Spirit   .   b - +0 robe
rPois   .          Reflect  .   c - +0 hat
rElec   .          Harm     .   (no cloak)
rCorr   .          Rampage  .   (no gloves)
Will    .....                   (no boots)
Stlth   ++........              (no amulet)
HPRegen 0.12/turn               e - +6 ring of intelligence
MPRegen 0.16/turn               h - ring of magical power

@: lethally poisoned (-1 -> -7)
A: large bone plates 1, foul stench 1, spiny 1, cold resistance 1
a: no special abilities


You were on level 4 of the Dungeon.
You visited 1 branch of the dungeon, and saw 4 of its levels.

You collected 139 gold pieces.

Inventory:

Hand Weapons
 a - a +0 dagger
 k - a +2 dagger of venom (weapon)
Armour
 b - a +0 robe (worn)
 c - a +0 hat (worn)
Jewellery
 e - a +6 ring of intelligence (left hand)
 h - a ring of magical power (right hand)
Wands
 g - a wand of polymorph (6)
 j - a wand of flame (28)


   Skills:
 + Level 1.6 Fighting
 + Level 1.3 Short Blades
 + Level 1.2 Armour
 + Level 2.4 Dodging
 + Level 2.4 Stealth
 + Level 3.3 Spellcasting
 + Level 1.9 Conjurations
 + Level 0.5 Hexes
 - Level 1.0 Summonings
 + Level 1.7 Translocations


You had 6 spell levels left.
You knew the following spells:

 Your Spells              Type           Power      Damage    Failure   Level
a - Magic Dart            Conj           48%        1d5       5%          1
b - Slow                  Hex            20%        N/A       10%         1
c - Blink                 Tloc           22%        N/A       9%          2

Your spell library contained the following spells:

 Spells                   Type           Power      Damage    Failure   Level
 Call Imp                 Summ           8%         N/A       12%         2
 Conjure Flame            Conj/Fire      8%         6-21      24%         3
 Mephitic Cloud           Conj/Pois/Air  6%         N/A       28%         3


Dungeon Overview and Level Annotations

Branches:
Dungeon (4/15)
 Temple: D:4-7

Altars:
Qazlal

Shops:
D:1 (   D:2 ?

Annotations:
D:4 Menkaure


Innate Abilities, Weirdness & Mutations

You are partially covered in large bone plates. (SH +4)
You may rarely emit foul miasma when damaged in melee.
You are partially covered in sharp spines.
Your flesh is cold resistant. (rC+)


Message History

The jackal is struck by your spines.
You kill the jackal!
The ufetubus closely misses you. x2
Okay, then.
You aren't carrying any scrolls.
Unknown command.
You aren't carrying any potions.
Unknown command.
You hit the ufetubus.
The ufetubus is heavily wounded.
The ufetubus is struck by your spines. The ufetubus completely misses you.
The ufetubus closely misses you.
You closely miss the ufetubus.
The ufetubus is almost dead.
The ufetubus misses you. You block the ufetubus's attack.
You closely miss the ufetubus.
The ufetubus is almost dead.
The ufetubus closely misses you. The ufetubus hits you.
* * * LOW HITPOINT WARNING * * *
The ufetubus hits you.
* * * LOW HITPOINT WARNING * * *
The ufetubus barely misses you.
You hit the ufetubus.
You kill the ufetubus!
The adder closely misses you.
You hit the adder.
The adder is poisoned.
The adder is moderately wounded.
The adder closely misses you.
You miss the adder.
The adder is severely wounded.
The adder bites you.
* * * LOW HITPOINT WARNING * * *
You are lethally poisoned!
The adder poisons you!
Unknown command.
You miss the adder.
The adder is almost dead.
* * * LOW HITPOINT WARNING * * *
You feel sick. You block the jackal's attack. The adder bites you.
You die...

..............
...#.S......## ##
##..##..## ...#.... ...#
.=....## ### .......####
.#..#.....######
#....###.....S#########
..#...........gS@h.....#
.....######..####......#
##... #.## ......# #...
...# ####### #K.. #####
#..


You could see an adder (very poisoned), a jackal, a hobgoblin and a ball python.

Vanquished Creatures
  Ijyb (D:3)
  Terence (D:2)
  2 adders
  An ufetubus (D:4)
  A dart slug (D:1)
  2 orcs (D:3)
  8 ball pythons
  5 endoplasms
  5 giant cockroaches
  10 goblins
  17 hobgoblins
  A jackal (D:4)
  9 kobolds
  7 quokkas
  3 bats
  5 frilled lizards
  8 rats
86 creatures vanquished.

Vanquished Creatures (others)
  5 plants (D:3)
  2 withered plants (D:1)
7 creatures vanquished.

Grand Total: 93 creatures vanquished

Notes
Turn   | Place    | Note
-------+----------+-------------------------------------------
     0 | D:1      | Sin92 the Demonspawn Hedge Wizard began the quest for the
                  | Orb.
     0 | D:1      | Reached XP level 1. HP: 13/13 MP: 4/4
   343 | D:1      | Reached skill level 1 in Translocations
   600 | D:1      | Gained mutation: You are partially covered in sharp spines.
                  | [demonic ancestry]
   600 | D:1      | Reached XP level 2. HP: 16/20 MP: 6/6
   860 | D:1      | Found Wuqativ's Weapon Emporium.
   875 | D:1      | Learned a level 1 spell: Slow
   878 | D:1      | Learned a level 2 spell: Blink
   889 | D:1      | Found a faded altar of an unknown god.
  1393 | D:1      | Gained mutation: You may rarely emit foul miasma when
                  | damaged in melee. [demonic ancestry]
  1393 | D:1      | Reached XP level 3. HP: 25/25 MP: 7/7
  1887 | D:2      | Reached skill level 1 in Fighting
  2038 | D:2      | Noticed Terence
  2266 | D:2      | Found Xuubbua's Magic Scroll Boutique.
  2485 | D:2      | Killed Terence
  2486 | D:2      | Reached skill level 1 in Short Blades
  2486 | D:2      | Reached skill level 1 in Armour
  2486 | D:2      | Reached XP level 4. HP: 24/32 MP: 5/8
  3030 | D:3      | Found a stormy altar of Qazlal.
  3054 | D:3      | Noticed Ijyb
  3063 | D:3      | Gained mutation: Your flesh is cold resistant. (rC+)
                  | [potion of mutation]
  4176 | D:3      | Gained mutation: You are partially covered in large bone
                  | plates. (SH +4) [demonic ancestry]
  4176 | D:3      | Reached XP level 5. HP: 37/37 MP: 9/9
  4555 | D:3      | Killed Ijyb
  4752 | D:4      | Noticed an ogre
  4752 | D:4      | Noticed Menkaure
  4773 | D:4      | HP: 1/38 [poisoned by an adder]
  4773 | D:4      | Slain by an adder

Illustrated notes

Levels and vault maps discovered:
D:1:      ncdulo_lavacross, layout_basic, serial_shops, shop,
          ebering_ecumenical_altar_petrified
D:2:      minmay_alternating_diamond, layout_loops_cross, serial_shops, shop,
          uniq_terence
D:3:      corexii_shack_village, layout_loops_ring,
          mainiacjoe_overflow_alcove_4, minmay_goblin_kobold_house, uniq_ijyb
D:4:      layout_rooms, st_stairs_5, uniq_menkaure

Skill      XL: |  1  2  3 |
---------------+----------+-----
Translocations | 1 |  1.7
Dodging        | 2 |  2.4
Stealth        | 2 |  2.4
Fighting       | 1 |  1.6
Short Blades   | 1 |  1.3
Armour         | 1 |  1.2
Spellcasting   | |  3.3
Conjurations   | |  1.9
Hexes          | |  0.5
Summonings     | |  1.0

Action                   |  1- 3 |  4- 6 || total
-------------------------+-------+-------++-------
Melee: Dagger            |    77 |    65 ||   142
       Punch             |       |     1 ||     1
 Cast: Magic Dart        |    74 |    44 ||   118
  Use: Scroll            |     2 |     3 ||     5
       Potion            |       |     3 ||     3
 Stab: Sleeping          |     4 |     6 ||    10
       Distracted        |       |     1 ||     1
Armor: Robe              |     9 |     9 ||    18
       Skin              |    11 |       ||    11
Dodge: Dodged            |    52 |    39 ||    91
Block: Other             |       |     5 ||     5
